MLB
LOS ANGELES (A) ANGELS @ DETROIT TIGERS
09/18/2041
 
TOP OF THE 1ST
Los Angeles (A) Angels batting - Pitching for Detroit Tigers : LHP Alvin Williams
Pitching: LHP Alvin Williams
Batting: SHB Pancho Baca 0-0: Called Strike
0-1: Foul Ball, location: 2F
0-2: Foul Ball, location: 5F
0-2: Ball
1-2: SINGLE (Groundball, 3D, EV 100.0 MPH)
Batting: RHB Tony Bórquez 0-0: Ball
1-0: Bunted foul
1-1: Bunted foul
1-2: Grounds into double play, 5-4-3 (Groundball, 56, EV 105.6 MPH)
Batting: RHB Greg Simmons 0-0: Swinging Strike
0-1: Foul Ball, location: 9LMF
0-2: Ball
1-2: Strikes out looking
Top of the 1st over - 0 runs, 1 hit, 0 errors, 0 left on base; Los Angeles (A) 0 - Detroit 0
BOTTOM OF THE 1ST
Detroit Tigers batting - Pitching for Los Angeles (A) Angels : RHP Luis Flores
Pitching: RHP Luis Flores
Batting: RHB Ed Hicks 0-0: Ball
1-0: Foul Ball, location: 9LDF
1-1: Ball
2-1: Called Strike
2-2: Ball
3-2: Ground out 6-3 (Groundball, 6, EV 105.0 MPH)
Batting: LHB Luis Arroyo 0-0: Foul Ball, location: 25F
0-1: Swinging Strike
0-2: Ball
1-2: Foul Ball, location: 2F
1-2: Fly out, F8 (Line Drive, 8RM, EV 92.5 MPH)
Batting: SHB Jorge Figueroa 0-0: Foul Ball, location: 7LDF
0-1: Called Strike
0-2: Strikes out looking
Bottom of the 1st over - 0 runs, 0 hits, 0 errors, 0 left on base; Los Angeles (A) 0 - Detroit 0
TOP OF THE 2ND
Los Angeles (A) Angels batting - Pitching for Detroit Tigers : LHP Alvin Williams
Batting: RHB Chris Stephens 0-0: Ball
1-0: Called Strike
1-1: Ball
2-1: Swinging Strike
2-2: Ball
3-2: Foul Ball, location: 9LSF
3-2: Strikes out looking
Batting: RHB Joe Pratt 0-0: Ball
1-0: SINGLE (Line Drive, 78S, EV 91.3 MPH)
Batting: RHB Juan Nava 0-0: Called Strike
0-1: Called Strike
0-2: Ball
1-2: Strikes out swinging
Batting: RHB Erik Lark 0-0: Ball
1-0: SINGLE (Line Drive, 9LS, EV 105.0 MPH)
Joe Pratt to second
Batting: RHB Juan Sosa 0-0: Ball
1-0: Swinging Strike
1-1: Ball
2-1: Fly out, F8 (Flyball, 8RS, EV 86.9 MPH)
Top of the 2nd over - 0 runs, 2 hits, 0 errors, 2 left on base; Los Angeles (A) 0 - Detroit 0
BOTTOM OF THE 2ND
Detroit Tigers batting - Pitching for Los Angeles (A) Angels : RHP Luis Flores
Batting: LHB Shawn Kline 0-0: Foul Ball, location: 2F
0-1: Ball
1-1: Ball
2-1: Ground out 5-3 (Groundball, 5L, EV 93.1 MPH)
Batting: LHB Sam Brock 0-0: Foul Ball, location: 7LMF
0-1: Foul Ball, location: 7LMF
0-2: Foul Ball, location: 3DF
0-2: Foul Ball, location: 2F
0-2: Foul Ball, location: 2F
0-2: Ball
1-2: TRIPLE (Line Drive, 78XD, EV 110.6 MPH)
Batting: LHB Gene Keys 0-0: Ball
1-0: Swinging Strike
1-1: Ball
2-1: Foul Ball, location: 5DF
2-2: Strikes out swinging
Batting: RHB Lião Palma 0-0: Ball
1-0: Called Strike
1-1: Fly out, F8 (Line Drive, 8LM, EV 82.5 MPH)
Bottom of the 2nd over - 0 runs, 1 hit, 0 errors, 1 left on base; Los Angeles (A) 0 - Detroit 0
TOP OF THE 3RD
Los Angeles (A) Angels batting - Pitching for Detroit Tigers : LHP Alvin Williams
Batting: LHB José Perea 0-0: Called Strike
0-1: Foul Ball, location: 2F
0-2: Ground out 6-3 (Groundball, 6MD, EV 105.0 MPH)
Batting: SHB Pancho Baca 0-0: Ball
1-0: Ball
2-0: SINGLE (Line Drive, 6MD, EV 98.8 MPH)
Batting: RHB Tony Bórquez 0-0: Ball
Pancho Baca is caught stealing 2nd base 2-4
1-0: Ball
2-0: Hit by Pitch
Batting: RHB Greg Simmons 0-0: Foul Ball, location: 2F
0-1: Ball
Tony Bórquez steals 2nd base
1-1: Ground out 6-3 (Groundball, 6S, EV 77.5 MPH)
Top of the 3rd over - 0 runs, 1 hit, 0 errors, 1 left on base; Los Angeles (A) 0 - Detroit 0
BOTTOM OF THE 3RD
Detroit Tigers batting - Pitching for Los Angeles (A) Angels : RHP Luis Flores
Batting: LHB Víctor Echevarría 0-0: Ball
1-0: Ball
2-0: Ball
3-0: Called Strike
3-1: Swinging Strike
3-2: Base on Balls
Batting: RHB José Castillo 0-0: Called Strike
0-1: Called Strike
0-2: Strikes out swinging
Batting: RHB Ed Hicks 0-0: Ball
1-0: 2-RUN HOME RUN (Flyball, 8RXD, EV 108.8 MPH), Distance : 442 ft
Batting: LHB Luis Arroyo 0-0: Ball
1-0: Ball
2-0: Called Strike
2-1: Foul Ball, location: 2F
2-2: Strikes out swinging
Batting: SHB Jorge Figueroa 0-0: Called Strike
0-1: Called Strike
0-2: Ball
1-2: Ground out 4-3 (Groundball, 34D, EV 95.6 MPH)
Bottom of the 3rd over - 2 runs, 1 hit, 0 errors, 0 left on base; Los Angeles (A) 0 - Detroit 2
TOP OF THE 4TH
Los Angeles (A) Angels batting - Pitching for Detroit Tigers : LHP Alvin Williams
Batting: RHB Chris Stephens 0-0: Ball
1-0: Called Strike
1-1: Ground out 6-3 (Groundball, 6, EV 92.5 MPH)
Batting: RHB Joe Pratt 0-0: Called Strike
0-1: Swinging Strike
0-2: Ball
1-2: Strikes out looking
Batting: RHB Juan Nava 0-0: Ball
1-0: Ball
2-0: Called Strike
2-1: Fly out, F9 (Flyball, 9S, EV 72.5 MPH)
Top of the 4th over - 0 runs, 0 hits, 0 errors, 0 left on base; Los Angeles (A) 0 - Detroit 2
BOTTOM OF THE 4TH
Detroit Tigers batting - Pitching for Los Angeles (A) Angels : RHP Luis Flores
Batting: LHB Shawn Kline 0-0: Called Strike
0-1: Ball
1-1: Swinging Strike
1-2: SOLO HOME RUN (Flyball, 7LD, EV 94.4 MPH), Distance : 355 ft
Batting: LHB Sam Brock 0-0: Swinging Strike
0-1: Ball
1-1: Ball
2-1: Ball
3-1: Foul Ball, location: 2F
3-2: Strikes out swinging
Batting: LHB Gene Keys 0-0: Ground out 5-3 (Groundball, 5, EV 85.0 MPH)
Batting: RHB Lião Palma 0-0: Ball
1-0: Ball
2-0: Foul Ball, location: 5DF
2-1: Foul Ball, location: 9LMF
2-2: Strikes out looking
Bottom of the 4th over - 1 run, 1 hit, 0 errors, 0 left on base; Los Angeles (A) 0 - Detroit 3
TOP OF THE 5TH
Los Angeles (A) Angels batting - Pitching for Detroit Tigers : LHP Alvin Williams
Batting: RHB Erik Lark 0-0: Fly out, F8 (Line Drive, 8RM, EV 98.1 MPH)
Batting: RHB Juan Sosa 0-0: Swinging Strike
0-1: Fly out, F8 (Flyball, 8RD, EV 98.1 MPH)
Batting: LHB José Perea 0-0: Foul Ball, location: 2F
0-1: Swinging Strike
0-2: Strikes out swinging
Top of the 5th over - 0 runs, 0 hits, 0 errors, 0 left on base; Los Angeles (A) 0 - Detroit 3
BOTTOM OF THE 5TH
Detroit Tigers batting - Pitching for Los Angeles (A) Angels : RHP Luis Flores
Batting: LHB Víctor Echevarría 0-0: Ball
1-0: Ball
2-0: Called Strike
2-1: Foul Ball, location: 7LDF
2-2: Strikes out swinging
Batting: RHB José Castillo 0-0: Ball
1-0: Called Strike
1-1: Ball
2-1: Ball
3-1: Called Strike
3-2: Fly out, F9 (Line Drive, 89M, EV 98.1 MPH)
Batting: RHB Ed Hicks 0-0: Called Strike
0-1: Ball
1-1: Swinging Strike
1-2: Fly out, F6 (Line Drive, 6MD, EV 65.0 MPH)
Bottom of the 5th over - 0 runs, 0 hits, 0 errors, 0 left on base; Los Angeles (A) 0 - Detroit 3
TOP OF THE 6TH
Los Angeles (A) Angels batting - Pitching for Detroit Tigers : LHP Alvin Williams
Batting: SHB Pancho Baca 0-0: Ball
1-0: Ball
2-0: Ground out 1-3 (Groundball, 13, EV 64.4 MPH)
Batting: RHB Tony Bórquez 0-0: Called Strike
0-1: Ground out 5-3 (Groundball, 5, EV 88.1 MPH)
Batting: RHB Greg Simmons 0-0: Called Strike
0-1: Ball
1-1: Swinging Strike
1-2: Strikes out swinging
Top of the 6th over - 0 runs, 0 hits, 0 errors, 0 left on base; Los Angeles (A) 0 - Detroit 3
BOTTOM OF THE 6TH
Detroit Tigers batting - Pitching for Los Angeles (A) Angels : RHP Luis Flores
Batting: LHB Luis Arroyo 0-0: DOUBLE (Line Drive, 89XD, EV 107.5 MPH)
Batting: SHB Jorge Figueroa 0-0: Ball
1-0: Foul Ball, location: 9LDF
1-1: Ground out 4-3 (Groundball, 4S, EV 78.8 MPH)
Luis Arroyo to third
Batting: LHB Shawn Kline 0-0: Ball
1-0: Fly out, F8 (Flyball, 8RD, EV 76.9 MPH)
Batting: LHB Sam Brock 0-0: Ground out 2-3 (Groundball, 2L, EV 73.1 MPH)
Bottom of the 6th over - 0 runs, 1 hit, 0 errors, 1 left on base; Los Angeles (A) 0 - Detroit 3
TOP OF THE 7TH
Los Angeles (A) Angels batting - Pitching for Detroit Tigers : LHP Alvin Williams
Now at 2B: Joaquín Medina
Batting: RHB Chris Stephens 0-0: Ball
1-0: SOLO HOME RUN (Flyball, 7LD, EV 97.5 MPH), Distance : 373 ft
Batting: RHB Joe Pratt 0-0: Called Strike
0-1: Ball
1-1: Called Strike
1-2: Foul Ball, location: 5F
1-2: Strikes out swinging
Batting: RHB Juan Nava 0-0: Foul Ball, location: 9LDF
0-1: Ball
1-1: Swinging Strike
1-2: Hit by Pitch
Batting: RHB Erik Lark 0-0: Ball
1-0: Ball
2-0: Called Strike
2-1: Called Strike
Juan Nava is caught stealing 2nd base 2-4
2-2: Fly out, F7 (Flyball, 7D, EV 101.9 MPH)
Top of the 7th over - 1 run, 1 hit, 0 errors, 0 left on base; Los Angeles (A) 1 - Detroit 3
BOTTOM OF THE 7TH
Detroit Tigers batting - Pitching for Los Angeles (A) Angels : RHP Luis Flores
Batting: LHB Gene Keys 0-0: Ball
1-0: Called Strike
1-1: Called Strike
1-2: Foul Ball, location: 2F
1-2: Ball
2-2: Ball
3-2: Fly out, F9 (Flyball, 9D, EV 103.1 MPH)
Batting: RHB Lião Palma 0-0: Foul Ball, location: 5F
0-1: Called Strike
0-2: Ball
1-2: Fly out, F3 (Popup, 3F, EV 69.4 MPH)
Batting: LHB Víctor Echevarría 0-0: Ball
1-0: Ball
2-0: Foul Ball, location: 3FF
2-1: Foul Ball, location: 7LDF
2-2: Ball
3-2: Base on Balls
Pitching: RHP Jonathan Miller
Batting: RHB José Castillo 0-0: Ball
1-0: Ground out 1-3 (Groundball, 25, EV 72.5 MPH)
Bottom of the 7th over - 0 runs, 0 hits, 0 errors, 1 left on base; Los Angeles (A) 1 - Detroit 3
TOP OF THE 8TH
Los Angeles (A) Angels batting - Pitching for Detroit Tigers : LHP Alvin Williams
Batting: RHB Juan Sosa 0-0: Ball
1-0: Foul Ball, location: 5F
1-1: Called Strike
1-2: Foul Ball, location: 23FF
1-2: Ball
2-2: Fly out, F8 (Flyball, 8LM, EV 97.5 MPH)
Batting: LHB José Perea 0-0: Ball
1-0: Foul Ball, location: 2F
1-1: Fly out, F8 (Flyball, 78D, EV 81.9 MPH)
Batting: SHB Pancho Baca 0-0: Ball
1-0: SINGLE (Groundball, 4, EV 82.5 MPH) (infield hit)
Batting: RHB Tony Bórquez 0-0: Ball
Wild Pitch!
Pancho Baca to second
1-0: Swinging Strike
1-1: Foul Ball, location: 25F
1-2: Foul Ball, location: 2F
1-2: Foul Ball, location: 3F
1-2: Ball
2-2: Ball
3-2: Base on Balls
Pitching: RHP Jeff O'Bryan
Batting: RHB Greg Simmons 0-0: Ball
1-0: Ball
2-0: Ball
3-0: Called Strike
3-1: Fly out, F9 (Flyball, 9LS, EV 88.8 MPH)
Top of the 8th over - 0 runs, 1 hit, 0 errors, 2 left on base; Los Angeles (A) 1 - Detroit 3
BOTTOM OF THE 8TH
Detroit Tigers batting - Pitching for Los Angeles (A) Angels : RHP Jonathan Miller
Batting: RHB Ed Hicks 0-0: Swinging Strike
0-1: Ball
1-1: Fly out, F8 (Flyball, 8LXD, EV 101.3 MPH)
Batting: LHB Luis Arroyo 0-0: Ball
1-0: Foul Ball, location: 7LMF
1-1: Foul Ball, location: 2F
1-2: Ball
2-2: Ball
3-2: Strikes out swinging
Batting: RHB Joaquín Medina 0-0: Called Strike
0-1: Swinging Strike
0-2: Strikes out looking
Bottom of the 8th over - 0 runs, 0 hits, 0 errors, 0 left on base; Los Angeles (A) 1 - Detroit 3
TOP OF THE 9TH
Los Angeles (A) Angels batting - Pitching for Detroit Tigers : RHP Jeff O'Bryan
Batting: RHB Chris Stephens 0-0: Ball
1-0: Fly out, F9 (Flyball, 9, EV 101.3 MPH)
Batting: LHB Bobby Fontenot 0-0: Called Strike
0-1: Ball
1-1: Foul Ball, location: 7LSF
1-2: SINGLE (Line Drive, 89S, EV 97.5 MPH)
Pinch Hitting: LHB Tony Morín 0-0: Ball
1-0: Called Strike
1-1: Ball
2-1: Swinging Strike
2-2: Ball
3-2: Fly out, F5 (Line Drive, 56D, EV 65.6 MPH)
Batting: RHB Erik Lark 0-0: Ball
1-0: Called Strike
1-1: Foul Ball, location: 2F
1-2: Strikes out swinging
Top of the 9th over - 0 runs, 1 hit, 0 errors, 1 left on base; Los Angeles (A) 1 - Detroit 3
Sunday, March 24th , 2024 - OOTP Baseball 24.10 Build 82